 Dungeon Crawl Stone Soup version 0.29-a0-380-gf50f0a9fbc (webtiles) character file.

Game seed: 1104226284040665527

8588 happo123 the Cruncher (level 11, -3/107 HPs)
             Began as a Troll Berserker on May 5, 2022.
             Was an Elder of Trog.
             Slain by a neqoxec (10 damage)
             ... on level 9 of the Dungeon.
             The game lasted 00:53:59 (5952 turns).

happo123 the Cruncher (Troll Berserker)             Turns: 5952, Time: 00:53:59

Health: -3/107     AC:  9    Str: 37    XL:     11   Next: 11%
Magic:  10/10      EV: 11    Int: -1 (3) God:    Trog [****..]
Gold:   442        SH:  4    Dex:  9    Spells: 10/10 levels left

rFire   . . .      SeeInvis .   i - +4 quarterstaff (chaos)
rCold   . . .      Faith    +   (shield currently unavailable)
rNeg    + . .      Spirit   .   B - +0 steam dragon scales
rPois   .          Reflect  .   (helmet restricted)
rElec   .          Harm     .   D - +1 cloak {Stlth+}
rCorr   .          Rampage  .   (gloves unavailable)
Will    .....                   (boots unavailable)
Stlth   +++.......              g - amulet of faith
HPRegen 1.07/turn               n - ring of positive energy
MPRegen 0.12/turn               t - +6 ring of strength

@: on berserk cooldown, slowed, lost intelligence, unable to read, very slow
A: large, unfitting armour, claws 3, regeneration 1, shaggy fur 1, tough skin 1,
large bone plates 1
a: Renounce Religion, Berserk, Trog's Hand, Brothers in Arms


You were on level 9 of the Dungeon.
You worshipped Trog.
Trog was greatly pleased with you.
You visited 1 branch of the dungeon, and saw 9 of its levels.

You collected 760 gold pieces.
You spent 318 gold pieces at shops.

Inventory:

Hand Weapons
 i - a +4 quarterstaff of chaos (weapon)
 k - a +0 hand crossbow
 x - the +4 long sword of Ancient Evil {vorpal, rF+ rC+}
   (You found it on level 6 of the Dungeon)

   It inflicts extra damage upon your enemies.
   rF:        It protects you from fire.
   rC:        It protects you from cold.
 A - a +0 broad axe of flaming
 J - a +1 hand axe of electrocution
Missiles
 b - a throwing net (quivered)
Armour
 B - +0 steam dragon scales (worn)
 D - a +1 cloak of stealth (worn)
 O - a +0 troll leather armour
Jewellery
 g - an amulet of faith (around neck)
 n - a ring of positive energy (left claw)
 t - a +6 ring of strength (right claw)
 y - a ring of ice
 C - a ring of protection from cold
Wands
 E - a wand of charming (1)
 H - a wand of iceblast (13)
 P - a wand of paralysis (6)
Scrolls
 c - 3 scrolls of enchant armour
 d - 2 scrolls of noise
 h - 3 scrolls of vulnerability
 j - 2 scrolls of poison
 l - a scroll of identify
 p - 4 scrolls of teleportation
 v - a scroll of brand weapon {unknown}
 z - 2 scrolls of immolation
 G - a scroll of blinking {unknown}
 K - 2 scrolls of enchant weapon {unknown}
 M - a scroll of magic mapping {unknown}
 N - a scroll of silence {unknown}
Potions
 a - 2 potions of resistance {unknown}
 e - a potion of ambrosia {unknown}
 f - 2 potions of cancellation
 m - 3 potions of curing
 o - a potion of berserk rage {unknown}
 q - 3 potions of might
 r - a potion of attraction {unknown}
 s - a potion of flight {unknown}
 w - 2 potions of degeneration {unknown}
 F - a potion of mutation
 I - a potion of magic {unknown}
 L - a potion of invisibility {unknown}
Miscellaneous
 u - a phantom mirror


   Skills:
 + Level 6.9 Fighting
 + Level 10.1 Staves
 + Level 6.9 Dodging
 + Level 2.0 Stealth
 + Level 5.8 Unarmed Combat


You had 10 spell levels left.
You didn't know any spells.
Your spell library was empty.

Dungeon Overview and Level Annotations

Branches:
Dungeon (9/15)             Temple (0/1) D:6             Orc (0/2) D:9
   Lair: D:8-11

Altars:
Ashenzari
Elyvilon
Fedhas
Hepliaklqana
Kikubaaqudgha
Makhleb
Nemelex Xobeh
Qazlal
Ru
Uskayaw
Vehumet
The Shining One

Shops:
D:1 :   D:5 :   D:6 :**!*   D:7 [   D:8 *

Annotations:
D:9 bastard's ghost, journeyman KoBe


Innate Abilities, Weirdness & Mutations

You are too large for most types of armour.
You have claws for hands.
Your natural rate of healing is unusually fast.
You are covered in fur. (AC +1)
You have tough skin. (AC +1)
You are partially covered in large bone plates. (SH +4)


Message History

Bastard's ghost is engulfed in mutagenic fog.
Bastard's ghost hits you! The neqoxec closely misses you.
The neqoxec hits your black bear!
Your black bear dies!
You thump the neqoxec!
The neqoxec seems to grow stronger.
The neqoxec is almost dead.
The fire bat bites you but does no damage.
The neqoxec gestures at you.
Something tries to feed on your intellect!
Bastard's ghost is engulfed in mutagenic fog.
Bastard's ghost hits you!
Bastard's ghost is engulfed in mutagenic fog.
Bastard's ghost screams in joy, "As in life, so in death: Kill!
Kill!!
Kill!!!"
Bastard's ghost hits you!
* * * LOW HITPOINT WARNING * * *
x2 The neqoxec closely misses you.
The neqoxec hits you.
* * * LOW HITPOINT WARNING * * *
Hit: i) +4 quarterstaff (chaos)
Press: ? - help, Dir - move target
Okay, then.
Aiming: Charm
Press: ? - help, Shift-Dir - straight line, f - neqoxec
Aim: a neqoxec (chance to affect: 31%)
The neqoxec easily resists.
The fire bat bites you.
* * * LOW HITPOINT WARNING * * *
You are engulfed in flames!
* * * LOW HITPOINT WARNING * * *
You block the neqoxec's attack. The neqoxec gestures at you.
You feel dopey. Something feeds on your intellect!
Bastard's ghost is engulfed in mutagenic fog.
Bastard's ghost hits you!
* * * LOW HITPOINT WARNING * * *
x2 You feel better.
Your skin stops crawling.
You feel less strong-willed. You block the fire bat's attack.
Bastard's ghost is engulfed in mutagenic fog.
Bastard's ghost closely misses you. The neqoxec hits you!
You die...

#........# #######'## #..##
#.#.###############
####.#..#...§#.§#...§##
#.......#.#.#.#.#.#.§§#
#....>..'....#..'...§§# #
#......††..#3..§'...!.# #
#.......b..@W#..'...§§# #
#.......#.#3#.#.#.#.§§### #
#.......#....#..#...!##.####
#......################....#
#........# ####.' #........#
### #........# # #######.##
# #..# #


You could see 2 neqoxecs, a fire bat shaped shifter and bastard's ghost.

Vanquished Creatures
  2 two-headed ogres
  Pikel (D:4)
  2 ugly things (D:9)
  Maggie (D:6)
  A troll (D:9)
  Sigmund (D:2)
  A wraith (D:7)
  2 wyverns (D:9)
  A basilisk (shapeshifter) (D:9)
  Edmund (D:6)
  2 water moccasins (D:7)
  2 orc warriors (D:9)
  6 black bears
  3 ice beasts
  4 ogres
  A centaur (D:9)
  A lemure (D:4)
  3 phantoms
  A kobold brigand (D:6)
  4 bullfrogs
  2 scorpions
  4 wights (D:8)
  3 killer bees (D:9)
  4 howler monkeys
  7 jellies
  3 hounds
  Crazy Yiuf (D:2)
  A gnoll shaman (D:5)
  6 orc priests
  4 iguanas
  Natasha (thrice) (D:4)
  7 orc wizards
  Robin (D:3)
  12 adders
  7 gnolls
  A shadow imp (D:8)
  A white imp (D:8)
  3 ufetubi
  A worm (D:2)
  2 dart slugs
  33 orcs
  A bat zombie (D:7)
  2 endoplasms
  A giant cockroach (D:1)
  16 goblins
  8 hobgoblins
  8 jackals
  3 quokkas
  10 ball pythons
  5 bats
  2 frilled lizards (D:3)
  10 kobolds
  4 rats
  2 rat zombies (D:7)
218 creatures vanquished.

Vanquished Creatures (collateral kills)
  2 ugly things (D:9)
2 creatures vanquished.

Vanquished Creatures (others)
  A black bear (shapeshifter) (D:9)
1 creature vanquished.

Grand Total: 221 creatures vanquished

Notes
Turn   | Place    | Note
-------+----------+-------------------------------------------
     0 | D:1      | happo123 the Troll Berserker began the quest for the Orb.
     0 | D:1      | Reached XP level 1. HP: 22/22 MP: 0/0
   132 | D:1      | Reached XP level 2. HP: 29/29 MP: 1/1
   235 | D:1      | Found a faded altar of an unknown god.
   301 | D:1      | Found Reajebre's Book Shoppe.
   764 | D:2      | Noticed Sigmund
   772 | D:2      | Killed Sigmund
   773 | D:2      | Reached XP level 3. HP: 37/37 MP: 2/2
   773 | D:2      | Reached XP level 4. HP: 45/45 MP: 3/3
   773 | D:2      | Reached XP level 5. HP: 53/53 MP: 4/4
   780 | D:2      | Reached ** piety under Trog
  1130 | D:2      | Reached skill level 5 in Unarmed Combat
  1158 | D:2      | Found a runed translucent door.
  1159 | D:2      | Noticed Crazy Yiuf
  1167 | D:2      | Killed Crazy Yiuf
  1367 | D:3      | Reached XP level 6. HP: 61/61 MP: 5/5
  1373 | D:3      | Found a hazy altar of Hepliaklqana.
  1373 | D:3      | Found a stormy altar of Qazlal.
  1509 | D:3      | Found a blossoming altar of Fedhas.
  1512 | D:3      | Found a sparkling altar of Nemelex Xobeh.
  1526 | D:3      | Found a radiant altar of Vehumet.
  1529 | D:3      | Found a broken altar of Ashenzari.
  1711 | D:3      | Noticed Robin
  1724 | D:3      | Killed Robin
  1867 | D:4      | Noticed Pikel
  1881 | D:4      | Reached skill level 1 in Staves
  1882 | D:4      | Killed Pikel
  1883 | D:4      | Reached skill level 3 in Staves
  1883 | D:4      | Reached XP level 7. HP: 68/68 MP: 6/6
  1897 | D:4      | Found a burning altar of Makhleb.
  2001 | D:4      | Reached *** piety under Trog
  2022 | D:4      | Found a glowing golden altar of the Shining One.
  2046 | D:4      | Noticed Natasha
  2051 | D:4      | Killed Natasha
  2153 | D:4      | Noticed Natasha
  2158 | D:4      | Killed Natasha
  2159 | D:4      | Reached XP level 8. HP: 78/78 MP: 7/7
  2271 | D:4      | Noticed Natasha
  2284 | D:4      | Killed Natasha
  2480 | D:4      | Reached skill level 4 in Staves
  2657 | D:5      | Entered Level 5 of the Dungeon
  2822 | D:5      | Reached skill level 5 in Staves
  2822 | D:5      | Reached skill level 5 in Dodging
  2842 | D:5      | Reached **** piety under Trog
  3254 | D:5      | Reached skill level 1 in Stealth
  3291 | D:5      | Reached skill level 6 in Staves
  3291 | D:5      | Reached XP level 9. HP: 83/87 MP: 8/8
  3355 | D:5      | Found Zez Wintai's Book Shop.
  3424 | D:6      | Identified the +4 long sword of Ancient Evil {vorpal, rF+
                  | rC+}
  3442 | D:6      | Found Fualorch's Assorted Antiques.
  3443 | D:6      | Found Plog's Distillery.
  3452 | D:6      | Bought a potion of curing for 42 gold pieces
  3511 | D:6      | Found a staircase to the Ecumenical Temple.
  3518 | D:6      | Identified the +5 ring mail of Mumblety Peg {Dex+7}
  3589 | D:6      | Reached skill level 5 in Fighting
  3656 | D:6      | Found Caczaopa's Assorted Antiques.
  3660 | D:6      | Bought a scroll labelled SALINIONUL for 22 gold pieces
  3660 | D:6      | Bought a scroll labelled SALINIONUL for 22 gold pieces
  3675 | D:6      | Found Xuwnant's Book Emporium.
  3710 | D:6      | Noticed Maggie
  3728 | D:6      | Killed Maggie
  3729 | D:6      | Reached skill level 7 in Staves
  3784 | D:6      | Found Etrusapresm's General Store.
  3859 | D:6      | Noticed Edmund
  3867 | D:6      | Killed Edmund
  4088 | D:6      | Reached skill level 8 in Staves
  4113 | D:7      | Found a hide-covered altar of Uskayaw.
  4113 | D:7      | Found a white marble altar of Elyvilon.
  4222 | D:7      | Found Dulaer's Antique Armour Emporium.
  4230 | D:7      | Bought a glowing cloak for 232 gold pieces
  4275 | D:7      | Reached XP level 10. HP: 90/98 MP: 9/9
  4611 | D:7      | Found an ancient bone altar of Kikubaaqudgha.
  4855 | D:8      | Found Mosmitiz's CLEARANCE SALE!.
  4902 | D:8      | Found a sacrificial altar of Ru.
  4912 | D:8      | Reached ***** piety under Trog
  4973 | D:8      | Noticed a two-headed ogre
  4983 | D:8      | Killed a two-headed ogre
  5261 | D:9      | Found a runed translucent gate.
  5262 | D:9      | Found a runed translucent gate.
  5262 | D:9      | Found a runed translucent gate.
  5264 | D:9      | Noticed a red ugly thing
  5264 | D:9      | Noticed a red ugly thing
  5282 | D:9      | Noticed a two-headed ogre
  5292 | D:9      | Killed a two-headed ogre
  5293 | D:9      | Reached skill level 9 in Staves
  5751 | D:9      | Found a staircase to the Orcish Mines.
  5810 | D:9      | Noticed a brown ugly thing
  5811 | D:9      | Noticed a red ugly thing
  5819 | D:9      | Killed a red ugly thing
  5824 | D:9      | Killed a brown ugly thing
  5827 | D:9      | Killed a brown ugly thing
  5828 | D:9      | Reached skill level 10 in Staves
  5828 | D:9      | Reached XP level 11. HP: 107/107 MP: 10/10
  5841 | D:9      | Killed a red ugly thing
  5918 | D:9      | Found a runed translucent gate.
  5918 | D:9      | Found a runed translucent gate.
  5921 | D:9      | Found a runed translucent gate.
  5922 | D:9      | Noticed bastard's ghost (journeyman KoBe)
  5937 | D:9      | Gained mutation: You are partially covered in large bone
                  | plates. (SH +4) [a neqoxec]
  5944 | D:9      | Lost intelligence.
  5951 | D:9      | HP: 2/107 [bastard's ghost (15)]
  5952 | D:9      | Slain by a neqoxec

Illustrated notes

Levels and vault maps discovered:
D:1:      heliophobic_arrival_battle_scene, layout_basic, serial_glass,
          glass_columns_b, glass_columns_c, serial_shops, shop,
          nicolae_ecumenical_lake_church
D:2:      layout_basic, uniq_sigmund, uniq_crazy_yiuf_cottage
D:3:      layout_rooms, nicolae_overflow_hallway_of_the_gods, uniq_robin
D:4:      layout_basic, amcnicky_altar_gilded,
          mainiacjoe_overflow_concentric_impassable, uniq_natasha, uniq_pikel
D:5:      minmay_octagon_keep, layout_loops_cross, serial_shops,
          nicolae_shop_advertising_works [nicolae_subvault_shop_adworks]
D:6:      layout_loops_ring, minmay_temple_entry_wispy, serial_shops, shop,
          shop, shop, nicolae_shop_window_shopping, kennysheep_mini,
          uniq_maggie, uniq_edmund
D:7:      layout_rooms, jmf_multi_god_temple, lemuel_zombie_altar_kikubaaqudgha,
          serial_shops, shop_statue, chequers_serial_rivers_room_b,
          minmay_diced_spiral
D:8:      layout_rooms, nicolae_ru_sacrificial_ziggurat, nicolae_shop_clearance
D:9:      layout_roguey, orc_0_dummy,
          ploomutoo_gammafunk_ghost_potion_laboratory

Skill      XL: |  1  2  3  4  5  6  7  8  9 10 |
---------------+-------------------------------+-----
Fighting       | 3 4 5 6 |  6.9
Dodging        | 3 4 5 6 |  6.9
Unarmed Combat | 4 5 |  5.8
Staves         | 3 6 8 10 | 10.1
Stealth        | 1 2 |  2.0

Action                   |  1- 3 |  4- 6 |  7- 9 | 10-12 || total
-------------------------+-------+-------+-------+-------++-------
Melee: Unarmed           |    49 |    53 |       |       ||   102
       Punch             |     4 |     2 |       |       ||     6
       Quarterstaff      |       |    74 |   286 |   159 ||   519
Invok: Berserk           |     1 |     3 |     8 |     7 ||    19
       Trog's Hand       |       |       |     3 |     3 ||     6
       Brothers in Arms  |       |       |       |     1 ||     1
Evoke: Wand              |       |       |       |     2 ||     2
  Use: Scroll            |       |       |     2 |     7 ||     9
       Potion            |       |       |       |     2 ||     2
 Stab: Sleeping          |       |       |     1 |     2 ||     3
Armor: Animal skin       |    23 |    44 |    46 |       ||   113
       Steam dragon scal |       |       |    51 |    70 ||   121
Dodge: Dodged            |    29 |    78 |   160 |   100 ||   367
Block: Other             |       |       |       |     8 ||     8

Table legend: (Time is in decaauts)
 A = Elapsed time spent in this place.
 B = Non-inter-level travel time spent in this place.
 C = Inter-level travel time spent in this place.
 D = Time resting spent in this place.
 E = Time spent auto-exploring this place.
 F = Levels seen in this place.
 G = Mean time per level.
                   A        B        C        D        E       F      G
               +--------+--------+--------+--------+--------+-----+--------+
         Total |   6127 |   4982 |   1145 |    209 |   3326 |   9 |  680.8 |
       Dungeon |   6127 |   4982 |   1145 |    209 |   3326 |   9 |  680.8 |
               +--------+--------+--------+--------+--------+-----+--------+

Top non-repeatable levels by time:
     D:4: 820 daAuts
     D:5: 794 daAuts
     D:1: 764 daAuts
     D:9: 726 daAuts
     D:7: 690 daAuts
     D:6: 653 daAuts
     D:2: 607 daAuts
     D:8: 536 daAuts
     D:3: 534 daAuts
